 Dungeon Crawl Stone Soup version 0.28.0 (webtiles) character file.

Game seed: 11737358906959195757

109 Deca the Skirmisher (level 5, 0/42 HPs)
             Began as a Human Berserker on Feb 14, 2022.
             Was a Believer of Trog.
             Slain by a wight (6 damage)
             ... on level 3 of the Dungeon.
             The game lasted 00:04:42 (1978 turns).

Deca the Skirmisher (Human Berserker)               Turns: 1978, Time: 00:04:43

Health: 0/42       AC:  6    Str: 20    XL:     5   Next: 13%
Magic:  5/5        EV: 11    Int:  7    God:    Trog [**....]
Gold:   89         SH:  0    Dex: 12    Spells: 4/4 levels left

rFire   . . .      SeeInvis .   a - +0 falchion
rCold   . . .      Faith    .   (no shield)
rNeg    . . .      Spirit   .   c - +0 ring mail
rPois   .          Reflect  .   (no helmet)
rElec   .          Harm     .   f - +0 cloak
rCorr   .          Rampage  .   (no gloves)
Will    .....                   (no boots)
Stlth   +.........              (no amulet)
HPRegen 0.14/turn               (no ring)
MPRegen 0.09/turn               (no ring)

@: mighty
A: no striking features
a: Renounce Religion, Berserk, Trog's Hand


You were on level 3 of the Dungeon.
You worshipped Trog.
Trog was pleased with you.
You visited 1 branch of the dungeon, and saw 3 of its levels.

You collected 89 gold pieces.

Inventory:

Hand Weapons
 a - a +0 falchion (weapon)
Armour
 c - a +0 ring mail (worn)
 f - a +0 cloak (worn)
Jewellery
 d - a +4 ring of evasion
Scrolls
 b - a scroll of enchant weapon {unknown}
 e - a scroll of acquirement {unknown}
 g - a scroll of identify {unknown}
 h - 2 scrolls of enchant armour {unknown}
 i - 2 scrolls of amnesia {unknown}
 k - a scroll of teleportation {unknown}
Potions
 j - 2 potions of magic {unknown}
 l - a potion of heal wounds {unknown}


   Skills:
 + Level 3.9 Fighting
 + Level 3.9 Long Blades
 + Level 3.2 Armour
 - Level 2.0 Dodging


You had 4 spell levels left.
You didn't know any spells.
Your spell library contained the following spells:

 Spells                   Type           Power      Damage    Failure   Level
 Ozocubu's Armour         Ice            0%         N/A       93%         3
 Stone Arrow              Conj/Erth      0%         3d7       93%         3
 Animate Armour           Summ/Erth      0%         N/A       100%        4
 Ozocubu's Refrigeration  Ice            0%         4d5       100%        7
 Lehudib's Crystal Spear  Conj/Erth      0%         10d2      100%        8


Dungeon Overview and Level Annotations

Branches:
Dungeon (3/15)

Altars:
Fedhas


Message History

You hit the shadow imp.
The shadow imp is moderately wounded.
The shadow imp hits you but does no damage.
You hit the shadow imp but do no damage.
The shadow imp is moderately wounded.
The shadow imp hits you.
You slash the shadow imp!
The shadow imp is almost dead.
The shadow imp hits you but does no damage.
The kobold hits you but does no damage.
You hit the shadow imp.
You kill the shadow imp!
Trog accepts your kill. The kobold hits you but does no damage.
Your Armour skill increases to level 3!
You slash the wight!
The wight is heavily damaged.
The kobold barely misses you.
Okay, then.
You hit the wight.
The wight is almost destroyed.
The kobold barely misses you. The wight hits you with a +4 battleaxe!
You feel drained. The wight barely misses you.
You slash the wight!
You destroy the wight!
Trog accepts your kill. The kobold misses you.
Your life force feels restored.
You have reached level 5!
You closely miss the wight. The kobold closely misses you.
The wight hits you with a +4 battleaxe!!
* * * LOW HITPOINT WARNING * * *
The wight misses you. The kobold barely misses you.
You are too injured to fight recklessly!
You are too injured to fight recklessly!
It was a potion of might.
You feel very mighty all of a sudden. The wight misses you.
The kobold barely misses you. The wight hits you with a +0 hand axe.
You die...

# .#.#### #. ...#..
#.#.### #..#.# #......
.. #.... ####..####
#.####...###.......>...
.#....#...... ###..#...
......zzK.### #....#.##
#@#...####...##.#
#.##..)#...##...#
#.##...<...†..####
#.#...............
#.#.####...#######
#######...# #....### #
....>....####......#
#.>.........#..###.##
#.....##............##


You could see 2 wights and a kobold.

Vanquished Creatures
  A wight (D:3)
  2 adders
  A shadow imp (D:3)
  A worm (D:2)
  5 ball pythons
  2 endoplasms (D:1)
  2 giant cockroaches
  4 goblins
  2 hobgoblins (D:1)
  A kobold (D:1)
  2 quokkas
  7 bats
  4 frilled lizards
  6 rats
40 creatures vanquished.

Notes
Turn   | Place    | Note
-------+----------+-------------------------------------------
     0 | D:1      | Deca the Human Berserker began the quest for the Orb.
     0 | D:1      | Reached XP level 1. HP: 18/18 MP: 1/1
   205 | D:1      | Found a faded altar of an unknown god.
   357 | D:1      | Reached XP level 2. HP: 22/24 MP: 2/2
   868 | D:1      | Reached XP level 3. HP: 29/29 MP: 3/3
  1284 | D:2      | Reached ** piety under Trog
  1872 | D:3      | Reached XP level 4. HP: 34/36 MP: 4/4
  1892 | D:3      | Found a blossoming altar of Fedhas.
  1977 | D:3      | Reached XP level 5. HP: 26/42 MP: 5/5
  1978 | D:3      | Slain by a wight

Illustrated notes

Levels and vault maps discovered:
D:1:      shiori_arrival_maze, layout_basic,
          hellmonk_ecumenical_altar_heavens_door
D:2:      layout_loops_ring, st_stairs_12, minmay_tromino_v7
D:3:      layout_rooms, mainiacjoe_overflow_alcove_1, lemuel_doored_altar,
          gup_sewer_entry_glass

Skill      XL: |  1  2  3  4 |
---------------+-------------+-----
Armour         | 3 |  3.2
Fighting       | |  3.9
Long Blades    | |  3.9
Dodging        | |  2.0

Action                   |  1- 3 |  4- 6 || total
-------------------------+-------+-------++-------
Melee: Falchion          |   141 |    20 ||   161
       Punch             |     1 |       ||     1
  Use: Potion            |       |     1 ||     1
Armor: Ring mail         |    59 |    18 ||    77
Dodge: Dodged            |    98 |    19 ||   117
